AoeStats
← cmd

Hideout

503433852Analyzed
3v3 RM · 1mo ago on Aug 31, 2026· 67m 11s· 6 players
Game mode
Random Map
Map size
Normal (6 player)
Population
200
Speed
Normal
Resources
Standard
Victory
Conquest
Starting age
Dark Age
Ending age
Imperial Age
RankedLock teamsTeams togetherTeam positionsShared explorationLock speedFull tech treeHidden civsTurbo modeCheats
Victory
Defeat
🇩🇪 Ethiopians · Germany
966
+17
🇩🇪 Spanish · Germany
959
+18
🇩🇪 Goths · Germany
915
+20
🇪🇸 Malians · Spain
1169
-25
🇪🇸 Maya · Spain
924
-15
🇪🇸 Franks · Spain
886
-31
helo
5:30 Loom
10:24 Feudal Age
14:51 Double-Bit Axe
14:48 Horse Collar
19:54 Castle Age
19:23 Fletching
19:58 Crossbowman
24:29 Wheelbarrow
24:34 Bow Saw
25:14 Squires
25:15 Bodkin Arrow
27:17 Elite Skirmisher
29:40 Scale Mail Armor
30:18 Thumb Ring
31:30 Arson
32:17 Hand Cart
32:35 Gold Mining
33:07 Padded Archer Armor
33:22 Chain Mail Armor
36:03 Leather Archer Armor
36:49 Ballistics
36:20 Heated Shot
39:46 Imperial Age
38:49 Murder Holes
39:05 Fortified Wall
43:29 Chemistry
41:51 Onager
42:01 Arbalester
44:05 Elite Shotel Warrior
45:45 Masonry
46:21 Town Watch
46:27 Halberdier
59:23 Conscription
58:40 Sappers
cmd
11:05 Loom
12:51 Feudal Age
14:13 Double-Bit Axe
17:25 Castle Age
15:13 Horse Collar
17:30 Forging
17:21 Scale Mail Armor
18:38 Squires
19:18 Iron Casting
19:10 Bow Saw
19:44 Stone Mining
25:15 Pikeman
29:32 Chain Mail Armor
30:18 Heavy Plow
31:14 Anarchy
32:12 Fletching
41:30 Stone Shaft Mining
40:45 Gold Mining
44:36 Imperial Age
42:42 Wheelbarrow
45:40 Conscription
45:27 Perfusion
44:49 Elite Huskarl
46:38 Blast Furnace
46:48 Two-Man Saw
46:49 Caravan
48:04 Halberdier
56:37 Ballistics
57:18 Chemistry
noname
7:22 Loom
10:16 Feudal Age
16:42 Castle Age
17:01 Fletching
29:37 Padded Archer Armor
33:23 Wheelbarrow
35:55 Double-Bit Axe
39:01 Hand Cart
39:44 Town Watch
40:49 Bow Saw
40:21 Horse Collar
44:20 Caravan
45:42 Bloodlines
45:32 Husbandry
45:41 Scale Barding Armor
45:47 Forging
48:56 Gold Mining
49:09 Heavy Plow
53:29 Imperial Age
53:57 Chain Barding Armor
54:13 Iron Casting
53:31 Cavalier
54:58 Supremacy
54:59 Conscription
55:20 Hoardings
55:25 Plate Barding Armor
56:54 Two-Man Saw
55:27 Paladin
57:51 Chemistry
57:06 Masonry
61:47 Blast Furnace
67:35 Bombard Tower
67:35 Ballistics
GZ SIMAO
7:09 Loom
9:33 Feudal Age
9:45 Man-at-Arms
15:17 Wheelbarrow
16:43 Fletching
18:28 Horse Collar
19:27 Double-Bit Axe
26:21 Castle Age
24:53 Stone Mining
25:48 Bloodlines
28:15 Husbandry
35:55 Imperial Age
34:45 Town Watch
35:30 Scale Mail Armor
35:40 Forging
36:24 Squires
36:09 Arson
38:00 Chemistry
37:23 Ballistics
42:14 Hand Cart
44:25 Bodkin Arrow
44:47 Chain Mail Armor
45:07 Iron Casting
44:33 Padded Archer Armor
45:37 Guilds
45:00 Elite Skirmisher
45:46 Thumb Ring
46:09 Caravan
47:04 Light Cavalry
48:39 Farimba
49:00 Conscription
49:16 Plate Mail Armor
48:53 Scale Barding Armor
49:04 Leather Archer Armor
52:37 Chain Barding Armor
58:50 Heavy Camel Rider
63:41 Plate Barding Armor
Bueno, voume pa casa lo
0:25 Loom
0:37 Loom
11:28 Feudal Age
12:32 Double-Bit Axe
12:32 Horse Collar
15:25 Wheelbarrow
15:12 Gold Mining
18:54 Castle Age
18:46 Fletching
19:35 Bodkin Arrow
22:18 Thumb Ring
25:12 Crossbowman
28:36 Hand Cart
29:34 Stone Mining
31:20 Bow Saw
31:43 Eagle Warrior
33:36 Forging
34:23 Town Watch
37:43 Imperial Age
36:15 Scale Mail Armor
37:06 Padded Archer Armor
40:08 Two-Man Saw
40:55 Elite Eagle Warrior
43:57 Holcans
44:27 Chain Mail Armor
45:34 Iron Casting
47:56 Elite Skirmisher
51:02 Squires
53:44 Fervor
56:58 Hul'che Javelineers
56:21 Elite Plumed Archer
60:14 Elite Skirmisher
61:47 Bracer
62:03 Leather Archer Armor
62:51 Plate Mail Armor
65:34 Ballistics
♿Libala♿
12:38 Feudal Age
10:59 Loom
14:40 Wheelbarrow
13:54 Double-Bit Axe
22:48 Castle Age
25:04 Hand Cart
26:44 Husbandry
39:00 Imperial Age
42:59 Cavalier
46:59 Paladin
54:29 Caravan
61:20 Scale Barding Armor
63:08 Chain Barding Armor
63:07 Scale Mail Armor
63:21 Forging
Connection lost

Rejoining the realm…

Still unreachable

The connection could not be restored.

Session expired

The server has moved on; the page needs a fresh start.